 Dungeon Crawl Stone Soup version 0.24-a0-251-g44e327e (webtiles) character file.

Game seed: 11583971174862281765

32 Borgoz the Covered (level 3, -2/23 HPs)
             Began as a Gargoyle Fighter on Apr 16, 2019.
             Slain by an ogre
             ... wielding a +0 giant club
              (16 damage)
             ... on level 2 of the Dungeon.
             The game lasted 00:01:36 (559 turns).

Borgoz the Covered (Gargoyle Fighter)                Turns: 559, Time: 00:01:36

Health: -2/23      AC: 12    Str: 19    XL:     3   Next: 27%
Magic:  3/3        EV: 10    Int:  8    God:
Gold:   36         SH:  0    Dex: 10    Spells: 2/2 levels left

rFire    . . .     SeeInvis .   a - +0 rapier
rCold    . . .     Gourm    .   (no shield)
rNeg     + . .     Faith    .   b - +0 scale mail
rPois    ∞         Spirit   .   (no helmet)
rElec    +         Reflect  .   (no cloak)
rCorr    .         Harm     .   k - +0 pair of gloves
MR       .....                  i - +0 pair of boots
Stlth    ..........             (no amulet)
HPRegen  0.07/turn              (no ring)
MPRegen  0.08/turn              (no ring)

@: no status effects
A: negative energy resistance 1, electricity resistance, unbreathing,
petrification resistance, rot immunity, AC +3
a: no special abilities


You were on level 2 of the Dungeon.
You were not hungry.

You visited 1 branch of the dungeon, and saw 2 of its levels.

You collected 36 gold pieces.

Inventory:

Hand Weapons
 a - a +0 rapier (weapon)
Armour
 b - a +0 scale mail (worn)
 i - a +0 pair of boots (worn)
 k - a +0 pair of gloves (worn)
Scrolls
 e - a scroll of remove curse {unknown}
 g - a scroll of immolation {unknown}
 h - 3 scrolls of identify {unknown}
Potions
 d - a potion of might
Comestibles
 f - 3 rations
 j - a chunk of flesh


   Skills:
 + Level 3.6 Fighting
 + Level 2.2 Short Blades
 + Level 3.7 Armour
 + Level 1.0 Dodging
   Level 3.2 Shields


You had 2 spell levels left.
You didn't know any spells.
Your spell library was empty.

Dungeon Overview and Level Annotations

Branches:
Dungeon (2/15)

Altars:


Innate Abilities, Weirdness & Mutations

You are resistant to torment.
Your stone body is resilient. (AC +3)
You are immune to poison.
You resist negative energy. (rN+)
You are resistant to electric shocks. (rElec)
You can survive without breathing.
You are immune to petrification.
You are immune to rotting.


Message History

An ogre is nearby!
You aren't carrying any items that you can evoke.
An ogre is nearby!
The ogre closely misses you.
You hit the ogre.
The ogre is lightly wounded.
You completely miss the ogre.
The ogre is lightly wounded.
The ogre barely misses you.
You hit the ogre.
The ogre is lightly wounded.
The ogre hits you with a +0 giant club.
You hit the ogre.
The ogre is moderately wounded.
The ogre hits you with a +0 giant club.
You hit the ogre.
The ogre is heavily wounded.
The ogre hits you with a +0 giant club!
Ouch! That really hurt!
You die...

#. #.#.# .. #.#.# .#
#)#.# #[#.# #(#.#
#(#.# #.####(#.# #
......^.(.#####.#####
.######......@O......
#######.#.##### #.# #
... #.## #.# #.# #.#


You could see an ogre.

Vanquished Creatures
  An adder (D:2)
  2 dart slugs (D:1)
  3 bats (D:1)
  A giant cockroach (D:1)
  4 goblins
  A hobgoblin (D:2)
  3 kobolds
  2 frilled lizards (D:1)
  A rat (D:2)
18 creatures vanquished.

Vanquished Creatures (others)
  A goblin (D:1)
1 creature vanquished.

Grand Total: 19 creatures vanquished

Notes
Turn   | Place    | Note
-------+----------+-------------------------------------------
     0 | D:1      | Borgoz the Gargoyle Fighter began the quest for the Orb.
     0 | D:1      | Reached XP level 1. HP: 14/14 MP: 1/1
   124 | D:1      | Reached XP level 2. HP: 19/19 MP: 2/2
   489 | D:2      | Reached XP level 3. HP: 19/23 MP: 3/3
   537 | D:2      | Reached skill level 1 in Dodging
   551 | D:2      | Noticed an ogre
   559 | D:2      | Slain by an ogre

Levels and vault maps discovered:
D:1:      psy_arrival_statuary, layout_basic, lemuel_flame_loot_1
D:2:      layout_loops_ring, kennysheep_slug_shrine, bloody_trog,
          supply_closet_lemuel

Skill      XL: |  1  2  3 |
---------------+----------+-----
Short Blades   | 2 |  2.2
Dodging        | 1 |  1.0
Fighting       | |  3.6
Armour         | |  3.7
Shields        | |  3.2

Action                   || total
-------------------------++-------
Melee: Rapier            ||    51
Armor: Scale mail        ||    28
Dodge: Dodged            ||    11
Block: Shield            ||    14

Table legend:
 A = Non-vault XP
 B = Vault XP
 C = Vault XP percentage of total XP
 D = Non-vault monster count
 E = Vault monster count
 F = Vault count percentage of total count
                 A         B        C        D         E       F
            +---------+---------+-------+---------+---------+-------
      Total |      47 |       0 |   0.0 |      18 |       0 |   0.0
            +---------+---------+-------+---------+---------+-------
        D:1 |      24 |       0 |   0.0 |      11 |       0 |   0.0
        D:2 |      23 |       0 |   0.0 |       7 |       0 |   0.0
            +---------+---------+-------+---------+---------+-------
